3AA
FT. POLK SOUTH THUNDER HAWKS @ ASHEVILLE HIGHLANDERS
05/20/2034
 
TOP OF THE 1ST
Ft. Polk South Thunder Hawks batting - Pitching for Asheville Highlanders : RHP Jacob Petithomme
Pitching: RHP Jacob Petithomme
Batting: LHB Augusto Reyes 0-0: Ball
1-0: Ground out 6-3 (Groundball, 6)
Batting: LHB Yu Miao 0-0: Ball
1-0: Fly out, F9 (Flyball, 9)
Batting: LHB Shohei Otani 0-0: Foul Ball, location: 2F
0-1: Swinging Strike
0-2: Ball
1-2: Ball
2-2: Ball
3-2: Foul Ball, location: 2F
3-2: Strikes out swinging
Top of the 1st over - 0 runs, 0 hits, 0 errors, 0 left on base; Ft. Polk South 0 - Asheville 0
BOTTOM OF THE 1ST
Asheville Highlanders batting - Pitching for Ft. Polk South Thunder Hawks : RHP Daryl Keirl
Pitching: RHP Daryl Keirl
Batting: LHB King Rutledge 0-0: Ball
1-0: Ball
2-0: Foul Ball, location: 2F
2-1: SINGLE (Groundball, 4MD)
Batting: LHB Luis Serrano 0-0: Ball
1-0: Foul Ball, location: 2F
1-1: SINGLE (Line Drive, 7LM)
King Rutledge to second
Batting: LHB DeMarvion Overshown 0-0: Ball
1-0: Ball
2-0: Ball
3-0: Base on Balls
King Rutledge to third
Luis Serrano to second
Batting: RHB Ken Moore 0-0: Foul Ball, location: 2F
0-1: Fly out, F8 (Line Drive, 8RM)
Runner from 3rd tags up, SCORES, no throw
Batting: SHB Jeff Lowe 0-0: SINGLE (Groundball, 34D)
Luis Serrano to third
DeMarvion Overshown to second
Runner from 3rd tries for Home, SAFE, no throw
Batting: RHB Tae-gyoon Ch'oe 0-0: Foul Ball, location: 2F
0-1: Swinging Strike
0-2: Grounds into double play, 3-6-3 (Groundball, 34)
Bottom of the 1st over - 2 runs, 3 hits, 0 errors, 1 left on base; Ft. Polk South 0 - Asheville 2
TOP OF THE 2ND
Ft. Polk South Thunder Hawks batting - Pitching for Asheville Highlanders : RHP Jacob Petithomme
Batting: RHB Ruggiero Veneziano 0-0: Ball
1-0: Ball
2-0: Ball
3-0: Called Strike
3-1: Foul Ball, location: 2F
3-2: Base on Balls
Batting: LHB Marc Ben 0-0: Ball
1-0: Swinging Strike
1-1: Ball
2-1: DOUBLE (Flyball, 89XD)
Ruggiero Veneziano to third
Runner from 3rd tries for Home, SAFE, throw made at trailing runner, OUT at third!
Batting: RHB Thomas Feliciano 0-0: Called Strike
0-1: Ball
1-1: Ball
2-1: Swinging Strike
2-2: Ball
3-2: Foul Ball, location: 2F
3-2: Strikes out swinging
Batting: SHB Dong-joo Yu 0-0: Called Strike
0-1: Fly out, F8 (Flyball, 8LM)
Top of the 2nd over - 1 run, 1 hit, 0 errors, 0 left on base; Ft. Polk South 1 - Asheville 2
BOTTOM OF THE 2ND
Asheville Highlanders batting - Pitching for Ft. Polk South Thunder Hawks : RHP Daryl Keirl
Batting: RHB Javier Cordero 0-0: Called Strike
0-1: Ball
1-1: Swinging Strike
1-2: Ball
2-2: DOUBLE (Groundball, 5L)
Batting: RHB Shane Seim 0-0: Called Strike
0-1: Foul Ball, location: 2F
0-2: Ball
1-2: Ball
2-2: Strikes out swinging
Batting: SHB José Segura 0-0: Foul Ball, location: 2F
0-1: Called Strike
0-2: Ball
1-2: Ground out 4-3 (Groundball, 4D)
Javier Cordero to third
Batting: LHB King Rutledge 0-0: Foul Ball, location: 2F
0-1: Ball
Passed Ball!
Javier Cordero scores
1-1: Swinging Strike
1-2: Ground out 3-1 (Groundball, 34)
Bottom of the 2nd over - 1 run, 1 hit, 0 errors, 0 left on base; Ft. Polk South 1 - Asheville 3
TOP OF THE 3RD
Ft. Polk South Thunder Hawks batting - Pitching for Asheville Highlanders : RHP Jacob Petithomme
Batting: RHB Pedro Larate 0-0: Ground out 5-3 (Groundball, 5L)
Batting: RHB Qu-bing Thien 0-0: Ball
1-0: Ball
2-0: Ball
3-0: Base on Balls
Batting: LHB Augusto Reyes 0-0: Called Strike
0-1: Called Strike
0-2: Foul Ball, location: 2F
0-2: Foul Ball, location: 2F
0-2: Ball
1-2: Ball
2-2: Foul Ball, location: 2F
2-2: Ball
3-2: Foul Ball, location: 2F
3-2: Foul Ball, location: 2F
3-2: Base on Balls
Qu-bing Thien to second
Batting: LHB Yu Miao 0-0: Ball
1-0: Called Strike
1-1: Called Strike
1-2: Fly out, F5 (Popup, 5)
Batting: LHB Shohei Otani 0-0: Ball
1-0: SINGLE (Groundball, 25) (infield hit)
Qu-bing Thien to third
Augusto Reyes to second
Batting: RHB Ruggiero Veneziano 0-0: Ball
1-0: Called Strike
1-1: Swinging Strike
1-2: Ball
2-2: Foul Ball, location: 2F
2-2: Fly out, F2 (Popup, 2R)
Top of the 3rd over - 0 runs, 1 hit, 0 errors, 3 left on base; Ft. Polk South 1 - Asheville 3
BOTTOM OF THE 3RD
Asheville Highlanders batting - Pitching for Ft. Polk South Thunder Hawks : RHP Daryl Keirl
Batting: LHB Luis Serrano 0-0: Ball
1-0: Fly out, F3 (Line Drive, 3)
Batting: LHB DeMarvion Overshown 0-0: Ball
1-0: Foul Ball, location: 2F
1-1: Swinging Strike
1-2: Fly out, F9 (Line Drive, 9LM)
Batting: RHB Ken Moore 0-0: Called Strike
0-1: Ball
1-1: Ball
2-1: Ball
3-1: SINGLE (Groundball, 6D)
Batting: SHB Jeff Lowe 0-0: Called Strike
0-1: Called Strike
0-2: Ball
1-2: Strikes out swinging
Bottom of the 3rd over - 0 runs, 1 hit, 0 errors, 1 left on base; Ft. Polk South 1 - Asheville 3
TOP OF THE 4TH
Ft. Polk South Thunder Hawks batting - Pitching for Asheville Highlanders : RHP Jacob Petithomme
Batting: LHB Marc Ben 0-0: Foul Ball, location: 2F
0-1: Ball
1-1: Foul Ball, location: 2F
1-2: Foul Ball, location: 2F
1-2: Foul Ball, location: 2F
1-2: Fly out, F4 (Line Drive, 4)
Batting: RHB Thomas Feliciano 0-0: Ball
1-0: Ground out 6-3 (Groundball, 56)
Batting: SHB Dong-joo Yu 0-0: Ball
1-0: Foul Ball, location: 2F
1-1: Ball
2-1: Ground out 6-3 (Groundball, 56)
Top of the 4th over - 0 runs, 0 hits, 0 errors, 0 left on base; Ft. Polk South 1 - Asheville 3
BOTTOM OF THE 4TH
Asheville Highlanders batting - Pitching for Ft. Polk South Thunder Hawks : RHP Daryl Keirl
Batting: RHB Tae-gyoon Ch'oe 0-0: Foul Ball, location: 2F
0-1: Ball
1-1: Foul Ball, location: 2F
1-2: Strikes out looking
Batting: RHB Javier Cordero 0-0: Called Strike
0-1: Ball
1-1: Foul Ball, location: 2F
1-2: Strikes out swinging
Batting: RHB Shane Seim 0-0: Ball
1-0: Foul Ball, location: 2F
1-1: Ball
2-1: Called Strike
2-2: Fly out, F8 (Line Drive, 8LD)
Bottom of the 4th over - 0 runs, 0 hits, 0 errors, 0 left on base; Ft. Polk South 1 - Asheville 3
TOP OF THE 5TH
Ft. Polk South Thunder Hawks batting - Pitching for Asheville Highlanders : RHP Jacob Petithomme
Batting: RHB Pedro Larate 0-0: Ground out 1-3 (Groundball, 13S)
Batting: RHB Qu-bing Thien 0-0: Called Strike
0-1: Ball
1-1: Ball
2-1: Called Strike
2-2: Ball
3-2: Strikes out swinging
Batting: LHB Augusto Reyes 0-0: Called Strike
0-1: Called Strike
0-2: Ball
1-2: Foul Ball, location: 2F
1-2: Ball
2-2: Fly out, F8 (Line Drive, 8LD)
Top of the 5th over - 0 runs, 0 hits, 0 errors, 0 left on base; Ft. Polk South 1 - Asheville 3
BOTTOM OF THE 5TH
Asheville Highlanders batting - Pitching for Ft. Polk South Thunder Hawks : RHP Daryl Keirl
Batting: SHB José Segura 0-0: Foul Ball, location: 2F
0-1: Foul Ball, location: 2F
0-2: Fly out, F5 (Line Drive, 56)
Batting: LHB King Rutledge 0-0: Ball
1-0: Called Strike
1-1: SINGLE (Flyball, 89M)
Batting: LHB Luis Serrano 0-0: Ball
1-0: Swinging Strike
1-1: Ball
2-1: SINGLE (Flyball, 9LS)
King Rutledge to second
Runner from 2nd tries for 3rd, SAFE, throw made to third
Batting: LHB DeMarvion Overshown 0-0: Ball
1-0: Fly out, F5 (Popup, 56S)
Batting: RHB Ken Moore 0-0: Ball
1-0: Called Strike
1-1: Foul Ball, location: 2F
1-2: Fielders Choice at 2nd, 6-4 (Groundball, 6)
Bottom of the 5th over - 0 runs, 2 hits, 0 errors, 2 left on base; Ft. Polk South 1 - Asheville 3
TOP OF THE 6TH
Ft. Polk South Thunder Hawks batting - Pitching for Asheville Highlanders : RHP Jacob Petithomme
Batting: LHB Yu Miao 0-0: Called Strike
0-1: Foul Ball, location: 2F
0-2: DOUBLE (Groundball, 3L)
Batting: LHB Shohei Otani 0-0: Ball
1-0: Ball
2-0: Ball
3-0: Base on Balls
Batting: RHB Ruggiero Veneziano 0-0: Ball
1-0: Called Strike
1-1: Foul Ball, location: 2F
1-2: Reached on error, E6 (Groundball, 56D)
Yu Miao to third
Shohei Otani to second
Batting: LHB Marc Ben 0-0: Ball
1-0: Foul Ball, location: 2F
1-1: Ball
2-1: Called Strike
2-2: Ball
3-2: Base on Balls
Yu Miao scores
Shohei Otani to third
Ruggiero Veneziano to second
Pitching: LHP Moses Keijzer
Batting: RHB Thomas Feliciano 0-0: SINGLE (Flyball, 9S)
Shohei Otani scores
Ruggiero Veneziano to third
Marc Ben to second
Runner from 3rd tries for Home, SAFE, no throw
Batting: SHB Dong-joo Yu 0-0: Called Strike
0-1: Sac Bunt - play at first, batter OUT! 2-3
Marc Ben to third
Thomas Feliciano to second
Batting: RHB Pedro Larate 0-0: Ball
1-0: Called Strike
1-1: Ball
2-1: Ball
3-1: Base on Balls
Batting: RHB Qu-bing Thien 0-0: Swinging Strike
0-1: Foul Ball, location: 2F
0-2: Ball
1-2: Ball
2-2: Foul Ball, location: 2F
2-2: Foul Ball, location: 2F
2-2: SINGLE (Flyball, 8RS)
Marc Ben scores
Thomas Feliciano to third
Pedro Larate to second
Runner from 3rd tries for Home, SAFE, no throw
Batting: LHB Augusto Reyes 0-0: Ball
1-0: Ball
2-0: Called Strike
2-1: Foul Ball, location: 2F
2-2: Ball
3-2: Base on Balls
Pedro Larate to third
Qu-bing Thien to second
Batting: LHB Yu Miao 0-0: Ball
1-0: Ball
2-0: Called Strike
2-1: Called Strike
2-2: Strikes out swinging
Batting: LHB Shohei Otani 0-0: Ball
1-0: Ball
2-0: Foul Ball, location: 2F
2-1: Fly out, F9 (Line Drive, 9D)
Top of the 6th over - 5 runs, 3 hits, 1 error, 3 left on base; Ft. Polk South 6 - Asheville 3
BOTTOM OF THE 6TH
Asheville Highlanders batting - Pitching for Ft. Polk South Thunder Hawks : RHP Daryl Keirl
Batting: SHB Jeff Lowe 0-0: Foul Ball, location: 2F
0-1: Ball
1-1: Ground out 5-3 (Groundball, 5)
Batting: RHB Tae-gyoon Ch'oe 0-0: Called Strike
0-1: Called Strike
0-2: Foul Ball, location: 2F
0-2: Ball
1-2: Foul Ball, location: 2F
1-2: Foul Ball, location: 2F
1-2: Ground out 6-3 (Groundball, 56)
Batting: RHB Javier Cordero 0-0: Ball
1-0: SINGLE (Groundball, 6) (infield hit)
Pitching: RHP Sam Schultz
Batting: RHB Shane Seim 0-0: Called Strike
0-1: Ball
1-1: Called Strike
1-2: Strikes out swinging, 2-3 out at first.
Bottom of the 6th over - 0 runs, 1 hit, 0 errors, 1 left on base; Ft. Polk South 6 - Asheville 3
TOP OF THE 7TH
Ft. Polk South Thunder Hawks batting - Pitching for Asheville Highlanders : LHP Moses Keijzer
Batting: RHB Ruggiero Veneziano 0-0: Called Strike
0-1: Fly out, F9 (Flyball, 9LSF)
Batting: LHB Marc Ben 0-0: Called Strike
0-1: Ball
1-1: Foul Ball, location: 2F
1-2: Ball
2-2: Strikes out swinging
Batting: RHB Thomas Feliciano 0-0: Ball
1-0: Ball
2-0: Ball
3-0: Called Strike
3-1: Called Strike
3-2: SINGLE (Line Drive, 89S)
Batting: SHB Dong-joo Yu 0-0: Ball
Thomas Feliciano steals 2nd base
1-0: Foul Ball, location: 2F
1-1: Called Strike
1-2: Fly out, F7 (Line Drive, 7D)
Top of the 7th over - 0 runs, 1 hit, 0 errors, 1 left on base; Ft. Polk South 6 - Asheville 3
BOTTOM OF THE 7TH
Asheville Highlanders batting - Pitching for Ft. Polk South Thunder Hawks : RHP Sam Schultz
Batting: SHB José Segura 0-0: Ball
1-0: Fly out, F9 (Line Drive, 89D)
Batting: LHB King Rutledge 0-0: Ball
1-0: Called Strike
1-1: Called Strike
1-2: Strikes out swinging
Batting: LHB Luis Serrano 0-0: SINGLE (Flyball, 9S)
Batting: LHB DeMarvion Overshown 0-0: Ball
1-0: Called Strike
1-1: Fly out, F9 (Flyball, 9LSF)
Bottom of the 7th over - 0 runs, 1 hit, 0 errors, 1 left on base; Ft. Polk South 6 - Asheville 3
TOP OF THE 8TH
Ft. Polk South Thunder Hawks batting - Pitching for Asheville Highlanders : LHP Moses Keijzer
Batting: RHB Pedro Larate 0-0: Ball
1-0: Ball
2-0: SINGLE (Line Drive, 8LS)
Batting: RHB Qu-bing Thien 0-0: Ball
1-0: Fly out, F8 (Flyball, 8RS)
Batting: LHB Augusto Reyes 0-0: Ball
1-0: Called Strike
1-1: Ball
2-1: Ball
3-1: Fly out, F9 (Flyball, 89M)
Pitching: LHP Gong Chin
Batting: LHB Yu Miao 0-0: Foul Ball, location: 2F
0-1: Ball
1-1: Foul Ball, location: 2F
1-2: Ball
2-2: Ball
3-2: Ground out 4-3 (Groundball, 4)
Top of the 8th over - 0 runs, 1 hit, 0 errors, 1 left on base; Ft. Polk South 6 - Asheville 3
BOTTOM OF THE 8TH
Asheville Highlanders batting - Pitching for Ft. Polk South Thunder Hawks : RHP Sam Schultz
Batting: RHB Ken Moore 0-0: Ball
1-0: Ball
2-0: Ball
3-0: Base on Balls
Batting: SHB Jeff Lowe 0-0: Ball
1-0: Called Strike
1-1: Foul Ball, location: 2F
1-2: Grounds into double play, 4-6-3 (Groundball, 4)
Batting: RHB Tae-gyoon Ch'oe 0-0: Swinging Strike
0-1: Ball
1-1: Swinging Strike
1-2: Strikes out looking
Bottom of the 8th over - 0 runs, 0 hits, 0 errors, 0 left on base; Ft. Polk South 6 - Asheville 3
TOP OF THE 9TH
Ft. Polk South Thunder Hawks batting - Pitching for Asheville Highlanders : LHP Gong Chin
Batting: LHB Shohei Otani 0-0: Called Strike
0-1: Foul Ball, location: 2F
0-2: Ball
1-2: DOUBLE (Flyball, 89D)
Batting: RHB Ruggiero Veneziano 0-0: Intentional Walk
Batting: LHB Marc Ben 0-0: Called Strike
0-1: Foul Ball, location: 2F
0-2: Ball
1-2: SINGLE (Flyball, 9S)
Shohei Otani to third
Ruggiero Veneziano to second
Runner from 3rd tries for Home, SAFE, no throw
Batting: RHB Thomas Feliciano 0-0: Ball
1-0: Called Strike
Ruggiero Veneziano steals 3rd base
1-1: Foul Ball, location: 2F
1-2: Ball
2-2: Fly out, F9 (Flyball, 9LS)
Runner from 3rd tags up, SCORES, no throw
Batting: SHB Dong-joo Yu 0-0: Foul Ball, location: 2F
0-1: Ball
1-1: Called Strike
1-2: Fielders Choice at 2nd, 1-6 (Groundball, P)
Batting: RHB Pedro Larate 0-0: Foul Ball, location: 2F
0-1: Ball
Dong-joo Yu steals 2nd base
1-1: Ball
2-1: Foul Ball, location: 2F
2-2: Ground out 1-3 (Groundball, P)
Top of the 9th over - 2 runs, 2 hits, 0 errors, 1 left on base; Ft. Polk South 8 - Asheville 3
BOTTOM OF THE 9TH
Asheville Highlanders batting - Pitching for Ft. Polk South Thunder Hawks : RHP Sam Schultz
Batting: RHB Javier Cordero 0-0: SINGLE (Line Drive, 89S)
Batting: RHB Shane Seim 0-0: Ball
1-0: Ball
2-0: Fielders Choice at 2nd, 6-4 (Groundball, 6)
Batting: SHB José Segura 0-0: Foul Ball, location: 2F
0-1: Ball
1-1: Fly out, F9 (Flyball, 89S)
Batting: LHB King Rutledge 0-0: Called Strike
0-1: Fly out, F3 (Line Drive, 34)
Bottom of the 9th over - 0 runs, 1 hit, 0 errors, 1 left on base; Ft. Polk South 8 - Asheville 3
Friday, March 29th, 2019 - OOTP Baseball 18.8 Build 76